 Dungeon Crawl Stone Soup version 0.32-a0-306-gfed3edf829 (webtiles) character file.

Game seed: 9553435832757200486

388 pokeman the Magician (level 6, -3/33 (34) HPs)
             Began as a Deep Elf Hedge Wizard on Feb 14, 2024.
             Slain by a wight
             ... wielding a +1 spear
              (7 damage)
             ... on level 4 of the Dungeon.
             The game lasted 00:05:52 (2569 turns).

pokeman the Magician (Deep Elf Hedge Wizard)        Turns: 2569, Time: 00:05:53

HP:   -3/33 (34)    AC:  4    Str:  7    XL:     6   Next: 49%
MP:   18/18         EV: 18    Int: 21    God:
Gold: 232           SH:  0    Dex: 14    Spells: 11/19 levels left

rFire   + . .        u - +2 quarterstaff (chaos)
rCold   . . .        (shield currently unavailable)
rNeg    . . .        b - +0 robe
rPois   .            c - +0 hat
rElec   .            v - +1 cloak
rCorr   .            (no gloves)
SInv    .            (no boots)
Will    .....        i - amulet of magic regeneration
Stlth   ++           g - ring of protection from fire
HPRegen 0.25/turn    t - +5 ring of evasion
MPRegen 0.56/turn

%: no passive effects
@: lightly drained
A: no striking features
a: no special abilities


You were on level 4 of the Dungeon.
You visited 1 branch of the dungeon, and saw 4 of its levels.

You collected 232 gold pieces.

Inventory:

Hand Weapons
 u - a +2 quarterstaff of chaos (weapon)
Missiles
 m - 2 throwing nets
Armour
 b - a +0 robe (worn)
 c - a +0 hat (worn)
 l - a +0 buckler
 v - a +1 cloak (worn)
Magical Staves
 A - a staff of conjuration
Jewellery
 g - a ring of protection from fire (left hand)
 i - an amulet of magic regeneration (around neck)
 t - a +5 ring of evasion (right hand)
Scrolls
 e - 3 scrolls of identify {unknown}
 h - a scroll of teleportation {unknown}
 j - 2 scrolls of fog {unknown}
 k - a scroll of enchant weapon {unknown}
 o - a scroll of enchant armour {unknown}
 p - 2 scrolls of immolation {unknown}
 s - a scroll of silence {unknown}
 x - a scroll of blinking {unknown}
 y - a scroll of noise {unknown}
Potions
 a - a potion of heal wounds {unknown}
 d - a potion of magic
 f - a potion of might {unknown}
 n - a potion of curing {unknown}
 q - a potion of invisibility {unknown}
 r - a potion of degeneration {unknown}
 w - a potion of berserk rage {unknown}
 z - a potion of mutation {unknown}
 B - a potion of resistance {unknown}


   Skills:
 - Level 1.0 Fighting
 - Level 1.4 Armour
 - Level 3.0 Dodging
 - Level 3.0 Stealth
 + Level 1.2 Shields
 * Level 7.0 Spellcasting
 + Level 3.2 Conjurations
 - Level 1.1 Summonings
 - Level 1.1 Translocations
 + Level 1.1 Air Magic
 + Level 1.2 Alchemy


You had 11 spell levels left.
You knew the following spells:

 Your Spells              Type           Power      Damage    Failure   Level
a - Magic Dart            Conj           84%        1d7       2%          1
b - Mephitic Cloud        Conj/Alch/Air  15%        N/A       12%         3
c - Call Imp              Summ           22%        N/A       9%          2
d - Blink                 Tloc           22%        N/A       9%          2

Your spell library contained the following spells:

 Spells                   Type           Power      Damage    Failure   Level
 Slow                     Hex            28%        N/A       9%          1
 Cigotuvi's Dreadful Rot  Necr/Alch/Air  20%        N/A       10%         2
 Ozocubu's Armour         Ice            7%         N/A       26%         3
 Metabolic Englaciation   Hex/Ice        3%         N/A       94%         5
 Sculpt Simulacrum        Ice/Alch       5%         N/A       100%        6


Dungeon Overview and Level Annotations

Branches:
Dungeon (4/15)
 Temple: D:4-7

Altars:
Cheibriados
Dithmenos


Message History

You closely miss the wight.
The wight is lightly damaged.
The wight hits you with a +0 scimitar.
The wight hits you from afar with a +1 spear!
You feel drained.
Your cerulean imp completely misses the wight.
The wight closely misses you.
You sock the wight!
The wight is almost destroyed.
The wight barely misses you.
Your cerulean imp barely misses the wight.
The wight hits you with a +0 scimitar!
* * * LOW HITPOINT WARNING * * *
You feel drained.
* * * LOW HITPOINT WARNING * * *
The wight completely misses you.
Unknown command.
Casting: Magic Dart (safe; 2% risk of failure)
Confirm with . or Enter, or press ? or * to list all spells.
You blink.
Splash!
You fall into the shallow water.
Moving in this stuff is going to be slow.
Your cerulean imp closely misses the wight.
The wight hits your cerulean imp with a +0 scimitar.
Your cerulean imp barely misses the wight.
Your cerulean imp hits the wight but does no damage.
Your cerulean imp hits the wight from afar with a -3 spear.
Your cerulean imp hits the wight from afar with a -3 spear.
The wight is destroyed!
Your Spellcasting skill increases to level 7!
Your Air Magic skill increases to level 1!
A wight comes into view. It is wielding a +4 scimitar.
You feel ready to blink again. The wight attacks as it pursues you!
The wight closely misses you.
Found an escape hatch in the floor.
Your cerulean imp completely misses the wight.
There is a stone staircase leading up here.
The wight hits you from afar with a +1 spear!
You die...

.#≈#..#.#..≈≈..###.....
#.≈...#.#..≈≈...........
..~.###.#..~~..........>
..~.###.#..~~~~.........
.###....#..~~..~........
## #^...#.~~~.~.........
#....#..~........z...
#.......~~~..........
#....#.~≈~.z~@.......
+....#...≈~..........
#....#~)~5.~.........
..#.#.#..~≈...........
...#.###..~≈...........
..[ +..†...≈≈...........
.. ####...≈≈.#+########
#..#≈≈## #..#≈≈#


You could see 2 wights and a friendly cerulean imp (summoned).

Vanquished Creatures
  Crazy Yiuf (D:2)
  Terence (D:2)
  Natasha (thrice) (D:2)
  3 gnolls (D:2)
  5 adders
  2 ribbon worms
  An orc (D:3)
  6 ball pythons
  11 endoplasms
  4 giant cockroaches
  6 goblins
  6 hobgoblins
  4 jackals (D:1)
  4 kobolds
  5 quokkas
  7 bats
  3 frilled lizards (D:1)
  2 rats
74 creatures vanquished.

Vanquished Creatures (collateral kills)
  A wight (D:4)
  A quokka (D:4)
2 creatures vanquished.

Grand Total: 76 creatures vanquished

Notes
Turn   | Place    | Note
-------+----------+-------------------------------------------
     0 | D:1      | pokeman the Deep Elf Hedge Wizard began the quest for the
                  | Orb.
     0 | D:1      | Reached XP level 1. HP: 10/10 MP: 7/7
    93 | D:1      | Found a faded altar of an unknown god.
   118 | D:1      | Reached XP level 2. HP: 16/16 MP: 3/9
   346 | D:1      | Reached skill level 5 in Spellcasting
   489 | D:1      | Reached XP level 3. HP: 20/20 MP: 9/11
   493 | D:1      | Learned a level 3 spell: Mephitic Cloud
   496 | D:1      | Learned a level 2 spell: Call Imp
   499 | D:1      | Learned a level 2 spell: Blink
   849 | D:1      | Reached skill level 1 in Fighting
   923 | D:1      | Reached skill level 1 in Armour
  1184 | D:2      | Reached XP level 4. HP: 25/25 MP: 9/13
  1368 | D:2      | Found a runed translucent door.
  1369 | D:2      | Noticed Crazy Yiuf
  1536 | D:2      | Noticed Terence
  1581 | D:2      | Killed Terence
  1582 | D:2      | Reached skill level 6 in Spellcasting
  1582 | D:2      | Reached XP level 5. HP: 13/29 MP: 13/15
  1725 | D:2      | Noticed Natasha
  1738 | D:2      | Killed Natasha
  1742 | D:2      | Noticed Natasha
  1747 | D:2      | Killed Natasha
  1760 | D:2      | Noticed Natasha
  1775 | D:2      | Killed Natasha
  2012 | D:2      | Killed Crazy Yiuf
  2013 | D:2      | Reached XP level 6. HP: 34/34 MP: 13/17
  2133 | D:3      | Reached skill level 1 in Shields
  2160 | D:3      | Found a snail-covered altar of Cheibriados.
  2398 | D:3      | Reached skill level 1 in Alchemy
  2429 | D:3      | Found a shadowy altar of Dithmenos.
  2567 | D:4      | Reached skill level 7 in Spellcasting
  2567 | D:4      | Reached skill level 1 in Air Magic
  2569 | D:4      | Slain by a wight

Illustrated notes

Levels and vault maps discovered:
D:1:      lightli_molten_gateway, layout_rooms,
          ebering_ecumenical_altar_petrified, minmay_tetromino_s2
D:2:      layout_loops_ring, uniq_natasha, uniq_terence, uniq_crazy_yiuf_cottage
D:3:      layout_rooms, mainiacjoe_overflow_paths, slow_altar_1
D:4:      layout_basic, mainiacjoe_overflow_alcove_2, serial_rivers,
          chequers_serial_rivers_large_b, chequers_serial_rivers_micro_b,
          chequers_serial_rivers_room_b, chequers_serial_rivers_small_a,
          chequers_serial_rivers_small_3, chequers_serial_rivers_micro_b,
          hellmonk_guarded_unrand_hermit

Skill      XL: |  1  2  3  4  5  6 |
---------------+-------------------+-----
Spellcasting   | 5 6 7 |  7.0
Fighting       | 1 |  1.0
Armour         | 1 |  1.4
Conjurations   | 2 3 |  3.2
Dodging        | 3 |  3.0
Stealth        | 3 |  3.0
Shields        | 1 |  1.2
Alchemy        | 1 |  1.2
Air Magic      | 1 |  1.1
Summonings     | |  1.1
Translocations | |  1.1

Action                     |  1- 3 |  4- 6 || total
---------------------------+-------+-------++-------
  Melee: Dagger            |    17 |    37 ||    54
         Quarterstaff      |       |     7 ||     7
   Cast: Magic Dart        |    79 |   114 ||   193
         Mephitic Cloud    |     1 |     4 ||     5
         Call Imp          |       |     4 ||     4
         Blink             |       |     1 ||     1
   Stab: Confused          |       |     8 ||     8
 Armour: Robe              |    16 |    25 ||    41
  Dodge: Dodged            |    26 |    34 ||    60

Table legend: (Time is in decaauts)
 A = Elapsed time spent in this place.
 B = Non-inter-level travel time spent in this place.
 C = Inter-level travel time spent in this place.
 D = Time resting spent in this place.
 E = Time spent auto-exploring this place.
 F = Levels seen in this place.
 G = Mean time per level.
                   A        B        C        D        E       F      G
               +--------+--------+--------+--------+--------+-----+--------+
         Total |   2582 |   2488 |     94 |      0 |   2004 |   4 |  645.5 |
       Dungeon |   2582 |   2488 |     94 |      0 |   2004 |   4 |  645.5 |
               +--------+--------+--------+--------+--------+-----+--------+

Top non-repeatable levels by time:
     D:1: 1135 daAuts
     D:2: 949 daAuts
     D:3: 420 daAuts
     D:4: 76 daAuts
